 Dungeon Crawl Stone Soup version 0.23-a0-607-g760965b (console) character file.

26103 Duffy the Cleaver (level 13, 0/123 HPs)
             Began as a Naga Gladiator on Dec 20, 2018.
             Was an Elder of the Shining One.
             Slain by a three-headed hydra (1 damage)
             ... on level 1 of the Lair of Beasts.
             The game lasted 00:21:40 (18210 turns).

Duffy the Cleaver (Naga Gladiator)                 Turns: 18210, Time: 00:21:41

Health: 0/123      AC: 18    Str: 25    XL:     13   Next: 23%
Magic:  0/22       EV: 12    Int: 12    God:    the Shining One [****..]
Gold:   85         SH:  8    Dex: 13    Spells: 12/12 levels left

rFire    . . .     SeeInvis +   M - +0 falchion (flame)
rCold    + . .     Gourm    .   g - +0 shield
rNeg     + + .     Faith    .   t - +4 moon troll leather armour {Spirit, Regen++ MP+5}
rPois    +         Spirit   +   E - +0 helmet (curse)
rElec    .         Reflect  .   u - +0 cloak
rCorr    .         Harm     .   V - +2 pair of gloves
MR       ++...                  (no barding)
Stlth    +.........             O - amulet of rage
HPRegen  1.10/turn              k - +3 ring of strength
MPRegen  0.18/turn              y - ring of Xom's Flight of Fancy {rC+ MR+ EV+3 Int+4}

@: lethally poisoned (0 -> -1), glowing, very slow
A: large, see invisible, deformed body, poison resistance, slowness 2, slow
metabolism 1, spit poison 1, constrict 1, AC +4
a: Spit Poison, Divine Shield, Cleansing Flame, Renounce Religion, Evoke Berserk
Rage


You were on level 1 of the Lair of Beasts.
You worshipped the Shining One.
The Shining One was greatly pleased with you.
You were not hungry.

You visited 4 branches of the dungeon, and saw 15 of its levels.
You also visited: Sewer and Ossuary.

You collected 967 gold pieces.
You spent 882 gold pieces at shops.

Inventory:

Hand Weapons
 F - the +11 war axe of Freehold {chop, +Blink rF+ Int-4}
   (You found it on level 11 of the Dungeon)

   It inflicts extra damage upon your enemies.
   It affects your intelligence (-4).
   It protects you from fire.
   It lets you blink.
 L - a +0 blowgun
 M - a +0 falchion of flaming (weapon)
 U - a +1 whip of electrocution
Missiles
 d - 7 throwing nets (quivered)
 P - 9 curare-tipped needles
Armour
 g - a +0 shield (worn)
 t - the +4 moon troll leather armour (worn) {Spirit, Regen++ MP+5}
   (You bought it in a shop on level 10 of the Dungeon)

   It affects your magic capacity (+5).
   It increases your rate of regeneration.
 u - a +0 cloak (worn)
 E - a cursed +0 helmet (worn)
 K - a +2 scale mail of fire resistance
 S - +0 ice dragon scales
 V - a +2 pair of gloves (worn)
Jewellery
 c - an uncursed ring of ice
 k - a +3 ring of strength (left hand)
 y - the ring of Xom's Flight of Fancy (right hand) {rC+ MR+ EV+3 Int+4}
   (You found it on level 4 of the Dungeon)

   [ring of evasion]

   It affects your evasion (+3).
   It affects your intelligence (+4).
   It protects you from cold.
   It affects your resistance to hostile enchantments.
 N - an uncursed ring of flight
 O - an amulet of rage (around neck)
Wands
 w - a wand of enslavement (1)
 B - a wand of iceblast (2)
 J - a wand of paralysis (9)
 R - a wand of polymorph (6)
 T - a wand of disintegration (14)
Scrolls
 b - 9 scrolls of enchant armour
 e - 7 scrolls of remove curse
 h - 2 scrolls of fog
 j - 8 scrolls of teleportation
 l - 7 scrolls of immolation
 r - 5 scrolls of enchant weapon {unknown}
 v - a scroll of noise {unknown}
 z - 4 scrolls of magic mapping
 A - 3 scrolls of blinking {unknown}
 G - 2 scrolls of fear
 I - a scroll of amnesia {unknown}
Potions
 i - 4 potions of might {unknown}
 m - 6 potions of lignification {unknown}
 n - 3 potions of heal wounds
 p - 6 potions of curing {unknown}
 q - 4 potions of haste {unknown}
 s - 5 potions of degeneration {unknown}
 x - 2 potions of cancellation
 C - a potion of berserk rage
 D - a potion of magic
 H - a potion of mutation
 Q - a potion of flight {unknown}
Comestibles
 a - 11 chunks of flesh
 f - 34 rations


   Skills:
 - Level 10.0 Fighting
 + Level 14.5 Axes
 - Level 1.7 Throwing
 + Level 8.7 Armour
 + Level 5.4 Dodging
 - Level 6.0 Evocations


You had 12 spell levels left.
You didn't know any spells.
Your spell library contained the following spells:

 Spells                   Type           Power        Failure   Level  Hunger
 Beastly Appendage        Tmut           #.....       95%         1    ##.....
 Magic Dart               Conj           #...         95%         1    ##.....
 Pain                     Necr           #...         95%         1    ##.....
 Sandblast                Erth           #.....       95%         1    ##.....
 Blink                    Tloc           N/A          98%         2    ###....
 Call Imp                 Summ           #.......     98%         2    ###....
 Slow                     Hex            #.......     98%         2    ###....
 Sticks to Snakes         Tmut           #.......     98%         2    ###....
 Conjure Flame            Conj/Fire      #.......     100%        3    ####...
 Mephitic Cloud           Conj/Pois/Air  #.......     100%        3    ####...
 Spider Form              Tmut/Pois      #.........   100%        3    ####...
 Static Discharge         Conj/Air       #.......     100%        3    ####...
 Ice Form                 Ice/Tmut       #.......     100%        4    #####..
 Blade Hands              Tmut           #.........   100%        5    ######.
 Irradiate                Conj/Tmut      #.........   100%        5    ######.
 Hydra Form               Tmut           #.........   100%        6    #######
 Statue Form              Tmut/Erth      #........    100%        6    #######
 Dragon Form              Tmut           #.........   100%        7    #######
 Tornado                  Air            #.........   100%        9    #######


Dungeon Overview and Level Annotations

Branches:
Dungeon (12/15)            Temple (1/1) D:7            Lair (1/6) D:8
    Orc (1/2) D:9

Altars:
Ashenzari
Cheibriados
Dithmenos
Elyvilon
Fedhas
Gozag
Hepliaklqana
Kikubaaqudgha
Makhleb
Nemelex Xobeh
Okawaru
Qazlal
Ru
Sif Muna
Trog
Uskayaw
Vehumet
Wu Jian
Xom
Yredelemnul
Zin
The Shining One

Shops:
D:4 %   D:10 %(*


Innate Abilities, Weirdness & Mutations

You cannot wear boots.
Your serpentine skin is tough. (AC +4)
You have supernaturally acute eyesight. (SInv)
Armour fits poorly on your strangely shaped body.
Your system is resistant to poisons. (rPois)
You cover ground very slowly.
You have a slow metabolism.
You can spit poison.
You can use your snake-like lower body to constrict enemies.


Message History

The four-headed hydra bites you but does no damage. x2
The four-headed hydra bites you. The four-headed hydra bites you!
You block the spiny frog's attack.
You chop one of the four-headed hydra's heads off!
The flame cauterises the wound!
You hit the three-headed hydra. You burn the three-headed hydra.
The three-headed hydra is heavily wounded.
The bullfrog hits you but does no damage.
The blink frog hits you!
The blink frog blinks!
The blink frog hits you but does no damage.
The three-headed hydra bites you but does no damage.
The three-headed hydra bites you! The three-headed hydra bites you.
You block the spiny frog's attack. The blink frog misses you. x2
The spiny frog stings you!!
You are lethally poisoned!
The spiny frog poisons you!
The three-headed hydra bites you but does no damage.
The three-headed hydra closely misses you.
The three-headed hydra bites you.
You die...

.................~~...~.~~~..~..
...........)...~~.~.~..~~.~.~...
...###..#..)...~.......~~~~~~
..## #..##........~~...~~~.. ..#
##..##....7~~~..~~~...~
P####...##......~~~~~~~..
..............7..~.F.~~..
...#...........7~F0~~~.~.
...............[~@FF.~.F.
.....#.###.##P##.FD$~~~..
.....### #######.7~~.~~.. .....#
###77..~.~ ...### .777. ...# .
...# . ...# ## ...#


You could see a three-headed hydra, a spiny frog, 4 blink frogs and a bullfrog.

Vanquished Creatures
  Harold (Orc:1)
  2 hydras
  3 two-headed ogres
  Nergalle (Lair:1)
  Sonja (Orc:1)
  3 unseen horrors (D:11)
  2 wizards (D:11)
  2 deep elf magi
  2 cyclopes (D:12)
  3 spiny frogs (Lair:1)
  2 centaur skeletons
  A gargoyle (D:10)
  A queen bee (D:10)
  3 trolls
  Grinder (D:4)
  6 blink frogs (Lair:1)
  2 dream sheep (D:9)
  2 hippogriffs (Lair:1)
  A wyvern (D:10)
  21 yaks
  A hungry ghost (D:10)
  A basilisk (Lair:1)
  A warg (Orc:1)
  3 porcupines (D:8)
  4 water moccasins
  10 orc warriors
  3 black bears
  3 ice beasts
  Duvessa (D:7)
  7 ogres
  4 sky beasts
  A phantom (D:8)
  11 centaurs
  2 crocodiles
  6 big kobolds
  7 bullfrogs
  Dowan (D:7)
  3 scorpions
  A water moccasin skeleton (D:9)
  25 killer bees (D:10)
  5 wights (D:8)
  3 electric eels (D:11)
  2 crimson imps
  3 bullfrog zombies
  A centaur zombie (D:7)
  4 hounds
  A human zombie (Ossuary)
  5 jellies
  12 orc priests
  A bullfrog skeleton (D:11)
  14 orc wizards
  4 iguanas
  Terence (D:2)
  7 worker ants
  A killer bee zombie (D:6)
  A hound skeleton (D:5)
  4 mummies
  2 worker ant zombies
  3 howler monkey zombies
  4 gnolls (D:3)
  8 adders
  3 shadow imps
  3 oozes
  An adder skeleton (D:4)
  2 adder zombies
  5 worms
  A dart slug (D:1)
  8 leopard geckos
  61 orcs
  8 bats
  12 giant cockroaches
  6 hobgoblins
  10 jackals
  8 quokkas
  5 ball pythons
  7 frilled lizards
  A gnoll zombie (Ossuary)
  5 goblins
  6 goblin zombies
  3 hobgoblin zombies (Ossuary)
  23 kobolds
  3 kobold zombies (Ossuary)
  A leopard gecko zombie (D:7)
  3 quokka zombies
  29 rats
  3 rat zombies (Ossuary)
  A spectral orc (D:5)
  3 fungi (D:8)
  A plant (D:8)
463 creatures vanquished.

Vanquished Creatures (collateral kills)
  A leopard gecko (D:9)
  2 orcs (D:9)
3 creatures vanquished.

Vanquished Creatures (others)
  A fungus (D:8)
  2 plants (D:11)
3 creatures vanquished.

Grand Total: 469 creatures vanquished

Notes
Turn   | Place    | Note
-------+----------+-------------------------------------------
     0 | D:1      | Duffy the Naga Gladiator began the quest for the Orb.
     0 | D:1      | Reached XP level 1. HP: 19/19 MP: 1/1
   197 | D:1      | Reached XP level 2. HP: 26/26 MP: 2/2
   628 | D:1      | Reached skill level 4 in Axes
   723 | D:2      | Reached XP level 3. HP: 30/32 MP: 3/3
   841 | D:2      | Noticed Terence
   849 | D:2      | Killed Terence
   849 | D:2      | Reached XP level 4. HP: 28/39 MP: 4/4
   855 | D:2      | Reached skill level 5 in Axes
  1346 | D:2      | Found an ornate altar of the Wu Jian Council.
  1397 | D:2      | Reached XP level 5. HP: 21/45 MP: 5/5
  2214 | D:3      | Reached skill level 6 in Axes
  2566 | D:3      | Reached XP level 6. HP: 37/52 MP: 6/6
  3636 | D:3      | Reached skill level 7 in Axes
  3676 | D:4      | Noticed a phantom
  3874 | D:4      | Got a translucent lead ring
  3875 | D:4      | Identified the ring of Xom's Flight of Fancy {rC+ MR+ EV+3
                  | Int+4} (You found it on level 4 of the Dungeon)
  3898 | D:4      | Reached skill level 8 in Axes
  3898 | D:4      | Reached XP level 7. HP: 35/60 MP: 7/7
  4022 | D:4      | Found a shadowy altar of Dithmenos.
  4155 | D:4      | Found a glowing drain.
  4159 | Sewer    | Entered a sewer
  5003 | D:4      | Noticed Grinder
  5087 | D:5      | Entered Level 5 of the Dungeon
  5108 | D:5      | Found a basalt altar of Yredelemnul.
  5185 | D:5      | Reached skill level 9 in Axes
  5216 | D:5      | Found a sand-covered staircase.
  5222 | Ossuary  | Entered an ossuary
  5230 | Ossuary  | Reached XP level 8. HP: 47/67 MP: 8/8
  5875 | D:5      | Reached skill level 10 in Axes
  6131 | D:4      | Found Hoczaf's Food Emporium.
  6237 | D:4      | Killed Grinder
  6686 | D:5      | Reached skill level 11 in Axes
  6827 | D:5      | Found a glowing silver altar of Zin.
  7037 | D:6      | Found a shattered altar of Ashenzari.
  7167 | D:6      | Reached XP level 9. HP: 73/73 MP: 9/9
  7188 | D:6      | Found a stormy altar of Qazlal.
  7188 | D:6      | Found a burning altar of Makhleb.
  7811 | D:6      | Noticed a deep elf mage
  7818 | D:6      | Killed a deep elf mage
  7818 | D:6      | Reached skill level 12 in Axes
  8051 | D:7      | Found a staircase to the Ecumenical Temple.
  8058 | Temple   | Entered the Ecumenical Temple
  8288 | Temple   | Became a worshipper of the Shining One
  8775 | D:7      | Reached skill level 13 in Axes
  8789 | D:7      | Noticed Duvessa
  8789 | D:7      | Noticed Dowan
  8798 | D:7      | Killed Duvessa
  8805 | D:7      | Killed Dowan
  9400 | D:8      | Reached XP level 10. HP: 7/80 MP: 10/10
  9973 | D:8      | Found a bloodstained altar of Trog.
 10030 | D:10     | Entered Level 10 of the Dungeon
 10065 | D:10     | Noticed a gargoyle
 10074 | D:10     | Killed a gargoyle
 10074 | D:10     | Reached skill level 14 in Axes
 10332 | D:10     | Reached * piety under the Shining One
 10352 | D:10     | Reached skill level 1 in Evocations
 10593 | D:10     | Reached skill level 1 in Armour
 10593 | D:10     | Paralysed by fainting for 10 turns
 10640 | D:10     | Found Heato's General Store.
 10648 | D:10     | Bought a potion of heal wounds for 70 gold pieces
 10648 | D:10     | Bought a scroll of magic mapping for 49 gold pieces
 10995 | D:10     | Found Cohima's Food Boutique.
 11154 | D:10     | Found Picoihiv's Weapon Shoppe.
 12226 | D:9      | Found a blossoming altar of Fedhas.
 12226 | D:9      | Found an ancient bone altar of Kikubaaqudgha.
 12409 | D:9      | Reached XP level 11. HP: 62/93 MP: 14/14
 12411 | D:9      | Reached skill level 5 in Fighting
 12743 | D:9      | Found a hide-covered altar of Uskayaw.
 12987 | D:9      | Reached ** piety under the Shining One
 13015 | D:9      | Reached skill level 5 in Evocations
 13130 | D:9      | Noticed a three-headed hydra
 13136 | D:9      | Killed a one-headed hydra
 13809 | D:9      | Found a staircase to the Orcish Mines.
 13939 | Orc:1    | Entered Level 1 of the Orcish Mines
 13947 | Orc:1    | Noticed Sonja
 13954 | Orc:1    | Killed Sonja
 13954 | Orc:1    | Reached skill level 5 in Armour
 13956 | Orc:1    | Noticed Harold
 13969 | Orc:1    | Killed Harold
 14629 | D:11     | Found a glowing golden altar of the Shining One.
 14631 | D:11     | Noticed an unseen horror
 14646 | D:11     | Killed an unseen horror
 14746 | D:11     | Noticed a wizard
 14746 | D:11     | Noticed a wizard
 14751 | D:11     | Killed a wizard
 14765 | D:11     | Killed a wizard
 14887 | D:11     | Noticed a two-headed ogre
 14902 | D:11     | Killed a two-headed ogre
 14902 | D:11     | Reached XP level 12. HP: 110/110 MP: 16/16
 14964 | D:11     | Identified Sif Muna's Incunabulum of Axaxaxas mlö
 15789 | D:11     | Got a scorched war axe
 15790 | D:11     | Identified the +11 war axe of Freehold {chop, +Blink rF+
                  | Int-4} (You found it on level 11 of the Dungeon)
 15892 | D:11     | Reached *** piety under the Shining One
 16103 | D:11     | Identified the Handbook of Plaster Cramp
 16110 | D:11     | Identified Zoiteame's Compendium of Combed Thunderclap
 16496 | D:11     | Noticed a two-headed ogre
 16508 | D:11     | Killed a two-headed ogre
 16982 | D:8      | Noticed a two-headed ogre
 16994 | D:8      | Killed a two-headed ogre
 17185 | D:8      | You fall through a shaft!
 17234 | D:10     | Bought the +4 moon troll leather armour {Spirit, Regen++
                  | MP+5} for 763 gold pieces
 17234 | D:10     | Found the +4 moon troll leather armour {Spirit, Regen++
                  | MP+5}
 17443 | D:8      | Found a staircase to the Lair.
 17638 | Lair:1   | Entered Level 1 of the Lair of Beasts
 17664 | Lair:1   | Reached skill level 10 in Fighting
 17672 | Lair:1   | Gained mutation: You can use your snake-like lower body to
                  | constrict enemies. [Naga growth]
 17672 | Lair:1   | Reached XP level 13. HP: 118/123 MP: 17/17
 17874 | Lair:1   | Reached skill level 5 in Dodging
 18079 | Lair:1   | Reached **** piety under the Shining One
 18079 | Lair:1   | Noticed Nergalle
 18099 | Lair:1   | Killed Nergalle
 18210 | Lair:1   | HP: 1/123 [spiny frog (18)]
 18210 | Lair:1   | Slain by a three-headed hydra

Vault maps used:
D:1:      lemuel_arrival_behind_the_door_small
D:2:      marbit_many_paths, minmay_pentomino_o2, uniq_terence
D:3:      wander_river, eino_tiny_chamber, minmay_rat_hole
D:4:      minmay_skewed_foursquare, lemuel_coloured_pillars_altar,
          gup_sewer_entry_bowl, serial_shops, shop, serial_bayou_crossing,
          uniq_grinder
D:5:      yredelemnul_forgotten_temple_becter, first_ration,
          nicolae_ossuary_entry_giza, serial_park_tiny_pond, lemuel_tele_altar
D:6:      amethyst_overflow_temple_binary, lemuel_doored_altar,
          guppyfry_early_elven_hall
D:7:      temple_green, grunt_ministairs_1, uniq_duvessa
D:8:      grunt_lair_entry_orc_guard_hut, basic_altar
D:9:      grunt_temple_overflow_growth_and_decay, kennysheep_mini, erik_orc_2,
          hangedman_ranch, minmay_variable_closet, centaur_isle
D:10:     serial_shops, kennysheep_mini_moat,
          nicolae_shop_temple_entry_statues_fountains, shop_statue, minivault_7
D:11:     wad_lake_hut, basic_altar, bh_hangedman_babel_library
D:12:     nrook_pool_corridor, minmay_sticks_and_stones
Temple:   nicolae_temple_figure_eight
Lair:1:   nicolae_quartered_pool_super, grunt_megastairs_2, uniq_nergalle
Orc:1:    serial_shops, shop, basic_altar, uniq_harold, uniq_snorg, uniq_sonja
Sewer:    sewer_frog_island_01
Ossuary:  ossuary_minmay_chase

Skill      XL: |  1  2  3  4  5  6  7  8  9 10 11 12 13 |
---------------+----------------------------------------+-----
Axes           | 4 5 6 8 9 11 13 14 | 14.5
Evocations     | 4 6 |  6.0
Armour         | 3 6 8 |  8.7
Fighting       | 4 8 10 | 10.0
Dodging        | 4 5 |  5.4
Throwing       | |  1.7

Action                   |  1- 3 |  4- 6 |  7- 9 | 10-12 | 13-15 || total
-------------------------+-------+-------+-------+-------+-------++-------
Melee: War axe           |    69 |   275 |   431 |   668 |    43 ||  1486
       Falchion          |       |       |       |     4 |    13 ||    17
       Constrict         |       |       |       |       |    11 ||    11
 Abil: Spit Poison       |     1 |    15 |     5 |    15 |       ||    36
       Evoke Berserk Rag |       |       |       |     6 |       ||     6
Evoke: Wand              |       |       |     3 |     8 |       ||    11
  Use: Scroll            |       |       |     9 |     2 |     1 ||    12
       Potion            |       |       |       |     2 |       ||     2
  Eat: Chunk             |       |     8 |     9 |    27 |     1 ||    45
       Ration            |       |       |     2 |     1 |       ||     3
Armor: Leather armour    |    11 |       |       |       |       ||    11
       Chain mail        |    28 |     4 |       |   255 |       ||   287
       Ring mail         |       |   133 |   162 |    57 |       ||   352
       Troll leather arm |       |       |       |    15 |    52 ||    67
Dodge: Dodged            |    28 |   166 |   249 |   186 |    45 ||   674
Block: Shield            |       |       |     4 |   224 |    36 ||   264
       Rpst.: Falchion   |       |       |       |       |     2 ||     2

Table legend:
 A = Non-vault XP
 B = Vault XP
 C = Vault XP percentage of total XP
 D = Non-vault monster count
 E = Vault monster count
 F = Vault count percentage of total count
                 A         B        C        D         E       F
            +---------+---------+-------+---------+---------+-------
      Total |   24670 |   12620 |  33.8 |     321 |     141 |  30.5
            +---------+---------+-------+---------+---------+-------
        D:1 |      30 |       0 |   0.0 |      13 |       0 |   0.0
        D:2 |      98 |      53 |  35.1 |      26 |       4 |  13.3
        D:3 |     330 |      20 |   5.7 |      41 |      19 |  31.7
        D:4 |     296 |     414 |  58.3 |      20 |       5 |  20.0
        D:5 |     677 |      21 |   3.0 |      15 |       4 |  21.1
        D:6 |     571 |     554 |  49.2 |      13 |       1 |   7.1
        D:7 |     780 |     211 |  21.3 |      20 |       2 |   9.1
        D:8 |    1880 |     658 |  25.9 |      21 |       5 |  19.2
        D:9 |    1620 |    3577 |  68.8 |      25 |      34 |  57.6
       D:10 |    2168 |    1366 |  38.7 |      36 |      18 |  33.3
       D:11 |    7166 |    1951 |  21.4 |      52 |       3 |   5.5
       D:12 |    2193 |     526 |  19.3 |      10 |       1 |   9.1
     Lair:1 |    6437 |    1152 |  15.2 |      24 |       3 |  11.1
      Orc:1 |     424 |    1795 |  80.9 |       5 |       2 |  28.6
      Sewer |       0 |     204 | 100.0 |       0 |      19 | 100.0
    Ossuary |       0 |     118 | 100.0 |       0 |      21 | 100.0
            +---------+---------+-------+---------+---------+-------
